Map: [ESL] Moondance

Players

PattyMac

  • Race: Protoss Protoss
  • Spawn Location: 12:00

Dolan - Winner!

  • Race: Terran Terran
  • Spawn Location: 6:00

Event: DreamHack SC2 Masters 2022 Valencia

VOD

Have the link to the VOD?

Description

Time

  • Played on: July 1, 2022, 10:28 a.m.
  • Length: 14:30

All games in this series

Show
View Real Time Build Order
Export as new Build Order

PattyMac Protoss 

Build Orders: 1 Gate Expand, Colossus Rush 

Get SALT Encoding   

  12  0:00  Probe  
  13  0:12  Probe  
  14  0:17  Pylon  
  14  0:25  Probe (Chrono Boost)  
  15  0:37  Probe (Chrono Boost)  
  15  0:38  Gateway  
  16  0:44  Probe (Chrono Boost)  
  16  0:49  Assimilator  
  17  0:53  Probe  
  18  1:02  Gateway  
  18  1:06  Probe  
  19  1:26  Cybernetics Core  
  19  1:39  Nexus  
  19  1:47  Pylon  
  19  1:48  Probe  
  20  2:00  Adept (Chrono Boost)  
  20  2:03  Adept (Chrono Boost)  
  20  2:08  Probe  
  25  2:10  Assimilator  
  25  2:16  Warp Gate  
  25  2:20  Probe  
  26  2:23  Adept  
  30  2:37  Stalker, Probe  
  31  2:51  Probe  
  32  2:58  Stalker  
  35  3:06  Probe (Chrono Boost)  
  35  3:07  Probe (Chrono Boost)  
  35  3:12  Robotics Facility  
  36  3:16  Probe (Chrono Boost)  
  36  3:18  Probe (Chrono Boost)  
  33  3:21  Probe (Chrono Boost)  
  33  3:25  Gateway  
  34  3:31  Probe  
  35  3:39  Probe  
  37  3:49  Probe (Chrono Boost)  
  37  3:51  Pylon  
  37  3:52  Probe (Chrono Boost)  
  38  3:59  Observer (Chrono Boost)  
  38  4:01  Probe (Chrono Boost)  
  41  4:02  Probe (Chrono Boost)  
  41  4:06  Probe (Chrono Boost)  
  41  4:09  Stalker  
  44  4:10  Probe  
  44  4:11  Stalker  
  47  4:18  Probe  
  47  4:22  Warp Prism  
  47  4:23  Probe  
  51  4:25  Assimilator  
  51  4:28  Stalker  
  49  4:39  Stalker x2  
  49  4:41  Probe  
  54  4:55  Robotics Bay  
  54  5:07  Pylon  
  54  5:19  Pylon  
  54  5:21  Pylon  
  54  5:25  Observer, Probe (Chrono Boost)  
  54  5:27  Probe (Chrono Boost)  
  57  5:28  Stalker x2  
  61  5:35  Assimilator  
  61  5:36  Pylon  
  61  5:37  Probe (Chrono Boost)  
  61  5:42  Probe (Chrono Boost)  
  63  5:43  Probe (Chrono Boost)  
  63  5:48  Observer  
  63  5:49  Probe  
  65  5:51  Probe  
  65  5:53  Colossus (Chrono Boost)  
  70  6:01  Probe  
  70  6:03  Stalker x2, Probe  
  72  6:13  Probe  
  72  6:15  Probe  
  74  6:25  Probe  
  74  6:26  Sentry  
  74  6:29  Probe  
  78  6:34  Sentry  
  78  6:35  Zealot  
  78  6:38  Probe, Shield Battery  
  83  6:40  Pylon  
  83  6:50  Adept  
  81  6:55  Gateway  
  81  6:57  Gateway  
  81  7:03  Colossus (Chrono Boost)  
  81  7:04  Pylon  
  85  7:15  Stalker x2  
  89  7:30  Stalker  
  80  8:00  Nexus  
  80  8:03  Pylon  
  55  8:15  Observer  
  55  8:26  Robotics Facility  
  55  8:30  Pylon  
  51  8:56  Nexus  
  51  8:59  Observer  
  51  9:33  Nexus  
  43  10:18  Pylon  
  43  10:56  Probe (Chrono Boost)  
  42  11:12  Gateway  
  42  11:19  Probe  
  41  11:54  Probe  
  19  13:02  Pylon  
  19  13:13  Pylon  
  15  13:46  Pylon  
Show
View Real Time Build Order
Export as new Build Order

Dolan Terran - Winner!

Build Orders: 1/1/1 

Get SALT Encoding   

  12  0:00  SCV  
  13  0:12  SCV  
  14  0:16  Supply Depot  
  14  0:24  SCV  
  14  0:27  Refinery  
  15  0:38  SCV  
  16  0:45  Barracks  
  16  0:50  SCV  
  17  0:59  Supply Depot  
  17  1:04  SCV  
  18  1:16  SCV  
  19  1:34  Factory, Marine  
  19  1:37  Orbital Command  
  20  1:45  Refinery  
  20  1:57  Barracks Reactor  
  20  2:05  SCV  
  21  2:17  SCV  
  21  2:18  Widow Mine  
  21  2:21  Starport  
  21  2:22  Supply Depot  
  25  2:30  SCV  
  25  2:47  Marine x2  
  25  2:49  SCV, Starport  
  28  3:05  Marine x2  
  28  3:06  SCV  
  28  3:07  Supply Depot  
  30  3:23  Marine x2  
  30  3:24  SCV  
  33  3:27  Medivac  
  33  3:32  Barracks  
  33  3:33  Factory Tech Lab  
  35  3:34  Barracks  
  35  3:41  Marine x2  
  36  3:46  Engineering Bay  
  37  3:53  Siege Tank  
  40  3:58  Marine  
  41  4:05  Marine  
  42  4:11  Liberator  
  45  4:19  Terran Infantry Weapons Level 1  
  45  4:22  Barracks Tech Lab x2  
  45  4:24  Marine  
  46  4:32  Marine  
  46  4:41  Marine  
  47  4:48  Marine  
  47  4:49  Marine  
  47  4:50  Stimpack  
  47  4:58  Supply Depot, Siege Tank, Marine  
  47  4:59  Marine  
  52  5:12  Marine x2  
  52  5:13  Combat Shield  
  54  5:15  Marine  
  54  5:18  Supply Depot  
  54  5:19  Marine  
  56  5:36  Marine x3  
  56  5:37  Marine  
  60  5:43  Siege Tank  
  63  5:54  Medivac  
  65  5:59  Marine  
  65  6:00  Marine x2  
  68  6:12  Marine  
  68  6:17  Marine x2  
  71  6:22  Supply Depot, Marine  
  72  6:36  Siege Tank  
  73  6:57  Marine x2  
  74  7:17  Siege Tank  
  77  7:29  Bunker  
  63  8:16  Siege Tank  
  43  11:56  Marine  

Tags
 
Add a new tag
Caveats
  • Supply blocks, unpowered buildings, or Contaminate may cause inaccurate times.
  • Supply counts are checked every 10 seconds.